AoeStats
← Jackallie

Arabia

509061537Analyzed
2v2 RM · 8d ago on Sep 25, 2026· 38m 6s· 4 players
Game mode
Random Map
Map size
Medium (4 player)
Population
200
Speed
Normal
Resources
Standard
Victory
Conquest
Starting age
Dark Age
Ending age
Imperial Age
RankedLock teamsTeams togetherTeam positionsShared explorationLock speedFull tech treeHidden civsTurbo modeCheats
Victory
Defeat
🇦🇺 Lithuanians · Australia
1141
+14
🇦🇺 Vietnamese · Australia
1137
+15
🇹🇷 Inca · Türkiye
1135
-16
🇺🇸 Varangians · United States
1080
-13
Sayri89
11:03 Feudal Age
11:58 Loom
17:06 Castle Age
15:23 Double-Bit Axe
16:29 Horse Collar
18:59 Husbandry
19:26 Gold Mining
28:02 Scale Barding Armor
.BTB kral
8:08 Loom
10:48 Feudal Age
13:29 Double-Bit Axe
14:29 Champi Runner
22:48 Horse Collar
24:59 Padded Archer Armor
24:49 Fletching
31:23 Castle Age
32:12 Elite Skirmisher
35:51 Pikeman
36:31 Squires
Jackallie
7:40 Loom
10:24 Feudal Age
10:53 Double-Bit Axe
10:49 Horse Collar
16:05 Wheelbarrow
17:24 Padded Archer Armor
17:55 Fletching
24:47 Castle Age
24:52 Crossbowman
25:38 Thumb Ring
25:34 Bodkin Arrow
25:54 Leather Archer Armor
26:22 Gold Mining
28:46 Leather Archer Armor
27:56 Pikeman
33:32 Hand Cart
41:16 Imperial Age
InformedStorm71
6:06 Loom
9:20 Feudal Age
10:08 Double-Bit Axe
10:25 Horse Collar
12:19 Fletching
18:22 Padded Archer Armor
19:25 Wheelbarrow
23:02 Castle Age
22:16 Scale Barding Armor
22:23 Forging
23:40 Bodkin Arrow
24:10 Chain Barding Armor
23:14 Crossbowman
24:15 Leather Archer Armor
24:18 Bloodlines
24:17 Heavy Plow
24:29 Bow Saw
26:16 Chain Barding Armor
26:47 Thumb Ring
28:39 Hand Cart
29:42 Husbandry
30:15 Ballistics
30:34 Iron Casting
35:32 Town Watch
35:15 Light Cavalry
Connection lost

Rejoining the realm…

Still unreachable

The connection could not be restored.

Session expired

The server has moved on; the page needs a fresh start.